 Dungeon Crawl Stone Soup version 0.27-a0-262-gc50aac273e (webtiles) character file.

Game seed: 17193500213532060819

632 Borgoz the Skirmisher (level 7, -2/60 HPs)
             Began as a Ghoul Gladiator on Feb 5, 2021.
             Slain by an ogre
             ... wielding a +0 giant club
              (16 damage)
             ... on level 5 of the Dungeon.
             The game lasted 00:03:56 (3778 turns).

Borgoz the Skirmisher (Ghoul Gladiator)             Turns: 3778, Time: 00:03:57

Health: -2/60      AC:  6    Str: 18    XL:     7   Next: 49%
Magic:  6/6        EV: 13    Int:  3    God:
Gold:   141        SH:  0    Dex: 12    Spells: 6/6 levels left

rFire    . . .     SeeInvis .   a - +0 long sword
rCold    + . .     Faith    .   (no shield)
rNeg     + + +     Spirit   .   b - +0 leather armour
rPois    ∞         Reflect  .   c - +1 helmet
rElec    .         Harm     .   (no cloak)
rCorr    +         Rampage  .   k - +0 pair of gloves
Will     +....                  (no boots)
Stlth    +.........             (no amulet)
HPRegen  0.00/turn              p - ring of willpower
MPRegen  0.10/turn              i - ring of resist corrosion

@: no status effects
A: claws 1, cold resistance 1, negative energy resistance 3, inhibited
regeneration, torment resistance, unbreathing
a: no special abilities


You were on level 5 of the Dungeon.
You visited 1 branch of the dungeon, and saw 4 of its levels.
You also visited: Sewer.

You collected 141 gold pieces.

Inventory:

Hand Weapons
 a - a +0 long sword (weapon)
Armour
 b - a +0 leather armour (worn)
 c - a +1 helmet (worn)
 k - a +0 pair of gloves (worn)
Jewellery
 i - a ring of resist corrosion (right hand)
 n - an uncursed amulet of reflection {unknown}
 p - a ring of willpower (left hand)
Wands
 d - a wand of random effects (18)
Scrolls
 f - 2 scrolls of fear {unknown}
 j - a scroll of teleportation {unknown}
 q - a scroll of amnesia
Potions
 e - a potion of attraction {unknown}
 g - a potion of curing
 h - a potion of magic {unknown}
 l - a potion of might {unknown}
 m - 3 potions of heal wounds {unknown}
 o - 2 potions of ambrosia {unknown}


   Skills:
 + Level 4.7 Fighting
 + Level 4.4 Long Blades
 - Level 1.7 Throwing
 + Level 3.3 Armour
 + Level 4.5 Dodging


You had 6 spell levels left.
You didn't know any spells.
Your spell library was empty.

Dungeon Overview and Level Annotations

Branches:
Dungeon (3/15)              Sewer (visited)

Altars:
Cheibriados


Innate Abilities, Weirdness & Mutations

You thrive by killing the living.
You are immune to poison.
You have sharp fingernails.
Your flesh is cold resistant. (rC+)
You are immune to negative energy. (rN+++)
You do not regenerate when monsters are visible.
You are immune to unholy pain and torment.
You can survive without breathing.


Message History

You kill the ogre!
It was a potion of curing.
You feel better. The ogre barely misses you.
You riposte.
You slash the ogre!
The ogre is moderately wounded.
You feel better.
You feel better. The ogre hits you with a +0 giant club!
You hit the ogre.
The ogre is moderately wounded.
The ogre hits you with a +0 giant club.
* * * LOW HITPOINT WARNING * * *
You slash the ogre!
The ogre is severely wounded.
The ogre misses you.
You hit the ogre.
The ogre is severely wounded.
The ogre closely misses you.
You hit the ogre.
The ogre is severely wounded.
The ogre hits you with a +0 giant club!
You die...

....# ###### ....#
#....# ....# #....#
....# #....# ....####
#....#
.......####....######...
.......'........@O..'...
.......##############..[
..##...# ####...#
..##...# #.#....##
......... ###.##.## ..#
..


You could see an ogre.

Vanquished Creatures
  An ogre (D:5)
  5 big kobolds (Sewer)
  Ijyb (D:3)
  4 adders
  5 oozes (Sewer)
  8 worms
  2 dart slugs (D:1)
  6 leopard geckos
  3 orcs (D:3)
  2 ball pythons (Sewer)
  4 giant cockroaches (D:3)
  7 goblins
  8 hobgoblins
  8 jackals (D:1)
  11 kobolds
  A quokka (D:2)
  6 bats
  4 frilled lizards
  6 rats
92 creatures vanquished.

Notes
Turn   | Place    | Note
-------+----------+-------------------------------------------
     0 | D:1      | Borgoz the Ghoul Gladiator began the quest for the Orb.
     0 | D:1      | Reached XP level 1. HP: 17/17 MP: 0/0
   102 | D:1      | Reached XP level 2. HP: 25/25 MP: 1/1
   377 | D:1      | Reached XP level 3. HP: 28/30 MP: 2/2
   384 | D:1      | Reached skill level 1 in Armour
  1094 | D:2      | Reached XP level 4. HP: 37/37 MP: 3/3
  1122 | D:2      | Found a snail-covered altar of Cheibriados.
  1596 | D:3      | Found a glowing drain.
  1622 | Sewer    | Entered a sewer
  1856 | Sewer    | Reached XP level 5. HP: 42/45 MP: 4/4
  1889 | Sewer    | Noticed a big kobold
  1911 | Sewer    | Killed a big kobold
  2133 | Sewer    | Noticed a big kobold
  2160 | Sewer    | Killed a big kobold
  2161 | Sewer    | Reached XP level 6. HP: 41/52 MP: 5/5
  2740 | Sewer    | Reached XP level 7. HP: 17/60 MP: 6/6
  3301 | D:3      | Noticed Ijyb
  3324 | D:3      | Killed Ijyb
  3717 | D:3      | You fall into a shaft and drop 2 floors!
  3717 | D:5      | Entered Level 5 of the Dungeon
  3770 | D:5      | HP: 3/60 [ogre/+0 giant club (18)]
  3778 | D:5      | Slain by an ogre

Illustrated notes

Levels and vault maps discovered:
D:1:      minmay_arrival_stair_chambers, layout_rooms
D:2:      layout_loops_cross, cheibriados_altar_1
D:3:      layout_loops_corners, portal_sewer_entry_f, uniq_ijyb
D:5:      layout_basic, minmay_temple_entry_wispy, gammafunk_ghost_cemetery

Skill      XL: |  1  2  3  4  5  6 |
---------------+-------------------+-----
Long Blades    | 3 4 |  4.4
Dodging        | 3 4 |  4.5
Armour         | 1 2 3 |  3.3
Fighting       | 3 4 |  4.7
Throwing       | |  1.7

Action                   |  1- 3 |  4- 6 |  7- 9 || total
-------------------------+-------+-------+-------++-------
Melee: Long sword        |    81 |   235 |    82 ||   398
Throw: Throwing net      |       |     1 |     2 ||     3
  Use: Scroll            |       |     6 |       ||     6
       Potion            |       |       |     3 ||     3
 Stab: Sleeping          |     1 |       |       ||     1
       Held in net/web   |       |       |     2 ||     2
Armor: Leather armour    |    43 |    83 |    21 ||   147
Dodge: Dodged            |    84 |   139 |    39 ||   262
       Rpst.: Long sword |    26 |    30 |    11 ||    67

Table legend: (Time is in decaauts)
 A = Elapsed time spent in this place.
 B = Non-inter-level travel time spent in this place.
 C = Inter-level travel time spent in this place.
 D = Time resting spent in this place.
 E = Time spent auto-exploring this place.
 F = Levels seen in this place.
 G = Mean time per level.
                   A        B        C        D        E       F      G
               +--------+--------+--------+--------+--------+-----+--------+
         Total |   4024 |   3948 |     76 |    851 |   2199 |   5 |  804.8 |
       Dungeon |   2173 |   2097 |     76 |      0 |   1636 |   4 |  543.2 |
         Sewer |   1851 |   1851 |      0 |    851 |    562 |   1 | 1851.0 |
               +--------+--------+--------+--------+--------+-----+--------+

Top non-repeatable levels by time:
   Sewer: 1851 daAuts
     D:2: 744 daAuts
     D:1: 718 daAuts
     D:3: 647 daAuts
     D:5: 62 daAuts
